 Dungeon Crawl Stone Soup version 0.26.1-11-gd32895ea62 (webtiles) character file.

Game seed: 17668392252613372246

97383 nothank2 the Bludgeoner (level 16, -2/107 HPs)
             Began as a Gargoyle Fighter on July 10, 2021.
             Was the Champion of Qazlal.
             Slain by an ettin
             ... wielding a +1 vorpal dire flail
             ... summoned by an orange crystal statue
              (31 damage)
             ... on level 2 of the Orcish Mines.
             The game lasted 01:29:28 (21931 turns).

nothank2 the Bludgeoner (Gargoyle Fighter)         Turns: 21931, Time: 01:29:28

Health: -2/107     AC: 39    Str: 24    XL:     16   Next: 19%
Magic:  0/21       EV:  5    Int: 10    God:    Qazlal [******]
Gold:   1806       SH:  0    Dex: 11    Spells: 15/15 levels left

rFire    + . .     SeeInvis .   W - +7 eveningstar (flame)
rCold    + + .     Faith    .   q - +0 tower shield
rNeg     + . .     Spirit   .   h - +0 plate armour {rC+}
rPois    ∞         Reflect  .   G - +1 hat
rElec    +         Harm     .   U - +1 cloak {rF+}
rCorr    +         Rampage  .   c - +2 pair of gloves of Vonuseg {+Fly rCorr Int-2 Dex+2}
Will     +....                  S - +2 pair of boots {Fly}
Stlth    ..........             I - amulet of the acrobat
HPRegen  0.27/turn              u - +4 ring of slaying
MPRegen  0.17/turn              B - ring of protection from cold

@: confused, protected from physical damage, very slightly contaminated, hasted,
invisible, repel missiles, very quick
A: big wings, negative energy resistance 1, electricity resistance, unbreathing,
petrification resistance, miasma immunity, AC +12
a: Fly, Renounce Religion, Upheaval, Elemental Force, Disaster Area


You were on level 2 of the Orcish Mines.
You worshipped Qazlal.
Qazlal was exalted by your worship.
You visited 4 branches of the dungeon, and saw 20 of its levels.
You also visited: Volcano.

You collected 2289 gold pieces.
You spent 483 gold pieces at shops.

Inventory:

Hand Weapons
 W - a +7 eveningstar of flaming (weapon)
 Y - a +2 arbalest of flaming
Missiles
 y - 16 curare-tipped darts
 N - 18 javelins (quivered)
Armour
 c - the +2 pair of gloves of Vonuseg (worn) {+Fly rCorr Int-2 Dex+2}
   (You bought it in a shop on level 2 of the Orcish Mines)

   It affects your intelligence (-2).
   It affects your dexterity (+2).
   It lets you fly.
   It provides partial protection from all sources of acid and corrosion.
 h - a +0 plate armour of cold resistance (worn)
 p - a +0 plate armour
 q - a +0 tower shield (worn)
 G - a +1 hat (worn)
 S - a +2 pair of boots of flying (worn)
 U - a +1 cloak of fire resistance (worn)
Jewellery
 s - an uncursed ring of see invisible
 u - a +4 ring of slaying (left hand)
 B - a ring of protection from cold (right hand)
 I - an amulet of the acrobat (around neck)
Wands
 J - a wand of digging (6)
 K - a wand of acid (7)
 M - a wand of random effects (27)
 R - a wand of disintegration (30)
Scrolls
 a - 2 scrolls of enchant armour
 b - 3 scrolls of blinking
 e - 7 scrolls of remove curse
 j - a scroll of magic mapping
 l - 2 scrolls of fear
 n - 4 scrolls of amnesia
 t - 8 scrolls of identify
 A - a scroll of immolation
 F - 8 scrolls of teleportation
Potions
 d - 3 potions of might
 f - 5 potions of lignification
 g - 2 potions of magic
 k - 8 potions of curing
 m - 5 potions of haste
 r - 2 potions of cancellation
 H - 4 potions of heal wounds
 L - 6 potions of ambrosia
 T - a potion of berserk rage


   Skills:
 + Level 14.5 Fighting
 - Level 17.1 Maces & Flails
 - Level 9.9 Armour
 + Level 13.1 Shields
 - Level 7.0 Invocations


You had 15 spell levels left.
You didn't know any spells.
Your spell library contained the following spells:

 Spells                   Type           Power        Failure   Level
 Cause Fear               Hex            0%           100%        4
 Silence                  Hex/Air        0%           100%        5
 Yara's Violent Unravell  Hex/Tmut       0%           100%        5
 Discord                  Hex            0%           100%        8


Dungeon Overview and Level Annotations

Branches:
Dungeon (11/15)            Temple (1/1) D:4            Lair (6/6) D:11
  Swamp (0/4) Lair:2       Spider (0/4) Lair:2        Slime (0/5) Lair:6
    Orc (2/2) D:11            Elf (0/3) Orc:2       Volcano (visited)

Altars:
Ashenzari
Cheibriados
Dithmenos
Elyvilon
Fedhas
Gozag
Hepliaklqana
Kikubaaqudgha
Makhleb
Nemelex Xobeh
Okawaru
Qazlal
Ru
Sif Muna
Trog
Uskayaw
Vehumet
Wu Jian
Xom
Yredelemnul
Zin
The Shining One
Jiyva

Shops:
D:11 [   Orc:2 [?*(

Portals:
Trove: D:11 (lose all piety)

Annotations:
D:8 exclusion: ice statue
Lair:6 1 runed translucent door
Orc:2 1 runed translucent door, exclusion: 4 orange crystal statues


Innate Abilities, Weirdness & Mutations

You are resistant to torment.
Your stone body is resilient. (AC +12)
You are immune to poison.
Your large and strong wings let you fly indefinitely.
You resist negative energy. (rN+)
You are resistant to electric shocks. (rElec)
You can survive without breathing.
You are immune to petrification.
You are immune to miasma.


Message History

You feel much better.
The ettin is engulfed in blazing flames.
The ettin hits you but does no damage.
The ettin hits you with a +0 dire flail.
You feel more protected from physical attacks.
The ogre is engulfed in blazing flames.
The ogre hits you but does no damage.
The orange crystal statue glitters.
The orc warrior hits you with a +0 battleaxe.
* * * LOW HITPOINT WARNING * * *
You are too confused!
You feel yourself speed up.
The orc warrior shouts!
The orc shouts!
The orc wizard shouts!
The orc priest shouts!
The two-headed ogre shouts in stereo!
The orc warrior shouts!
The orc priest shouts!
The orc shouts! x2
The orc warrior dissolves into shadows!
The two-headed ogre dissolves into shadows!
The ettin is engulfed in blazing flames.
The ettin hits you but does no damage.
The ettin hits you with a +0 dire flail!!
You die...

###### ##.###.#..#.#....##
##.##.## ##..................
##......#####...................
#.........#.....#...............
##.#............#...............
##.............................
#..............................
##.......^..####o####..........
#..........#8@CTgg8#..........
###..........#o#OO.#o#..........
##......###.#.#o.ooo.o#..........
#....######.#.#..o[ogo#..........
##.### #....#...ogg.#.......#..
### #....#.#...#o#..........
#####....#8.....8#..........
##.#......####+####........#.
#####......#.....................


You could see 4 orange crystal statues, an ettin (summoned), a troll (summoned),
2 orc warriors, 2 ogres, a gnoll shaman (summoned), 2 orc priests, 2 orc
wizards, 4 gnolls and 7 orcs.

Vanquished Creatures
  An orc warlord (Orc:1)
  A stone giant (Orc:1)
  Josephine (Orc:1)
  A fire dragon (Lair:6)
  A boulder beetle (Lair:1)
  6 hydras
  Harold (Lair:2)
  A centaur warrior (D:10)
  Erica (D:8)
  2 ogre magi (Orc:2)
  11 two-headed ogres
  4 death yaks (Lair:4)
  Urug (Orc:1)
  Sonja (Orc:2)
  2 deep trolls
  2 bog bodies
  A swamp dragon (Lair:6)
  2 wolf spiders (Lair:6)
  Pikel (D:7)
  2 salamanders (Volcano)
  An oklob plant (Lair:5)
  An orc sorcerer (Orc:2)
  A deep elf mage (D:9)
  3 orc knights
  2 cyclopes
  An elephant (D:11)
  A guardian serpent (Lair:6)
  8 black mambas
  Psyche (D:8)
  16 cane toads
  3 rime drakes
  A kobold demonologist (D:11)
  5 komodo dragons
  2 jumping spiders (Lair:2)
  A queen bee (D:10)
  13 trolls
  2 polar bears (Lair:6)
  2 hornets (Lair:6)
  5 dream sheep (Lair:5)
  10 blink frogs
  5 wraiths
  4 redbacks
  A shadow (D:11)
  6 spriggans (Lair:4)
  13 wyverns
  7 basilisks
  24 yaks
  A fire bat (Volcano)
  4 steam dragons
  A warg (Orc:1)
  3 acid dragons (Lair:6)
  18 water moccasins
  Duvessa (D:7)
  2 hell hounds (Volcano)
  22 orc warriors
  A swamp drake (Lair:6)
  5 sky beasts
  3 black bears
  2 ice beasts
  A necrophage (D:11)
  26 ogres
  3 phantoms
  12 wolves
  7 centaurs
  4 lemures
  14 bullfrogs
  Dowan (D:7)
  3 scorpions
  3 wights (D:6)
  41 killer bees
  A howler monkey (D:4)
  2 electric eels
  4 jellies
  A centaur zombie (D:11)
  3 bullfrog zombies
  A quasit (D:6)
  A bullfrog skeleton (D:11)
  A centaur skeleton (D:7)
  17 orc wizards
  13 orc priests
  3 hounds
  5 iguanas
  5 worker ants
  7 hell rats (Lair:5)
  A hound zombie (D:5)
  2 worker ant zombies
  12 adders
  12 gnolls
  5 white imps
  2 ufetubi
  3 oozes
  An adder zombie (D:5)
  An adder skeleton (D:8)
  2 worms
  2 dart slugs
  5 leopard geckos
  100 orcs
  A ball python (D:5)
  A bat zombie (D:8)
  10 giant cockroaches
  5 goblins
  13 hobgoblins
  13 jackals
  2 quokkas
  A bat (D:1)
  8 frilled lizards
  A jackal zombie (D:8)
  7 kobolds
  A leopard gecko skeleton (D:4)
  A quokka skeleton (D:7)
  5 rats
  2 rat zombies (D:8)
643 creatures vanquished.

Vanquished Creatures (collateral kills)
  A bullfrog zombie (D:11)
  A jelly (D:11)
2 creatures vanquished.

Vanquished Creatures (others)
  A centaur (Volcano)
  An orc (Orc:2)
  52 fungi
  102 plants
156 creatures vanquished.

Grand Total: 801 creatures vanquished

Notes
Turn   | Place    | Note
-------+----------+-------------------------------------------
     0 | D:1      | nothank2 the Gargoyle Fighter began the quest for the Orb.
     0 | D:1      | Reached XP level 1. HP: 14/14 MP: 1/1
    84 | D:1      | Reached XP level 2. HP: 17/19 MP: 2/2
   277 | D:1      | Reached skill level 3 in Maces & Flails
   620 | D:2      | Reached XP level 3. HP: 18/23 MP: 3/3
   818 | D:2      | Reached skill level 4 in Maces & Flails
   861 | D:2      | Found a blossoming altar of Fedhas.
  1089 | D:2      | Reached XP level 4. HP: 28/28 MP: 4/4
  1884 | D:3      | Reached skill level 5 in Maces & Flails
  1884 | D:3      | Reached XP level 5. HP: 30/32 MP: 5/5
  2126 | D:3      | Found an opulent altar of Gozag.
  2215 | D:3      | Found a bloodstained altar of Trog.
  2682 | D:4      | Found a staircase to the Ecumenical Temple.
  2688 | D:4      | HP: 1/32 [quokka (2)]
  2689 | D:4      | Reached skill level 6 in Maces & Flails
  2689 | D:4      | Reached XP level 6. HP: 1/37 MP: 6/6
  2995 | Temple   | Entered the Ecumenical Temple
  3121 | Temple   | Became a worshipper of Qazlal Stormbringer
  3441 | D:5      | Entered Level 5 of the Dungeon
  3523 | D:5      | Found a sparkling altar of Nemelex Xobeh.
  3672 | D:5      | Reached skill level 7 in Maces & Flails
  3861 | D:5      | Found an ornate altar of the Wu Jian Council.
  3940 | D:5      | Reached XP level 7. HP: 39/41 MP: 7/7
  4082 | D:5      | Found a sacrificial altar of Ru.
  4203 | D:5      | Reached * piety under Qazlal
  4500 | D:6      | Reached skill level 8 in Maces & Flails
  4662 | D:6      | Reached skill level 9 in Maces & Flails
  4662 | D:6      | Reached XP level 8. HP: 42/46 MP: 8/8
  4773 | D:6      | Found a snail-covered altar of Cheibriados.
  5271 | D:6      | Found a burning altar of Makhleb.
  5273 | D:6      | Found a white marble altar of Elyvilon.
  5273 | D:6      | Found an iron altar of Okawaru.
  5357 | D:6      | Reached skill level 10 in Maces & Flails
  5515 | D:6      | Found a hazy altar of Hepliaklqana.
  5822 | D:7      | Reached ** piety under Qazlal
  5894 | D:7      | Noticed Pikel
  5898 | D:7      | Noticed a two-headed ogre
  6208 | D:7      | Noticed Duvessa
  6208 | D:7      | Noticed Dowan
  6227 | D:7      | Killed Duvessa
  6228 | D:7      | Reached skill level 11 in Maces & Flails
  6233 | D:7      | Killed Dowan
  6234 | D:7      | Reached XP level 9. HP: 43/51 MP: 9/9
  6394 | D:7      | Killed Pikel
  6395 | D:7      | Reached skill level 12 in Maces & Flails
  6408 | D:7      | Killed a two-headed ogre
  6409 | D:7      | Reached skill level 13 in Maces & Flails
  6583 | D:7      | Noticed a +0 hand axe
  6584 | D:7      | Found a hide-covered altar of Uskayaw.
  6585 | D:7      | Noticed a +0 hand axe
  6842 | D:7      | Found a broken altar of Ashenzari.
  7072 | D:7      | Reached XP level 10. HP: 47/56 MP: 10/10
  7190 | D:8      | Reached *** piety under Qazlal
  7265 | D:8      | Noticed an ice statue
  7302 | D:8      | Found a stormy altar of Qazlal.
  7303 | D:8      | Noticed Erica
  7304 | D:8      | Noticed Psyche
  7327 | D:8      | Killed Erica
  7328 | D:8      | Reached skill level 1 in Invocations
  7335 | D:8      | Killed Psyche
  7649 | D:8      | Noticed a two-headed ogre
  7661 | D:8      | Killed a two-headed ogre
  7662 | D:8      | Reached skill level 5 in Shields
  8998 | D:8      | Found an ancient bone altar of Kikubaaqudgha.
  9049 | D:9      | Noticed a deep elf mage
  9052 | D:9      | Noticed a rust devil
  9062 | D:9      | Noticed a rust devil
  9359 | D:9      | Killed a deep elf mage
  9360 | D:9      | Reached skill level 14 in Maces & Flails
  9563 | D:9      | Reached XP level 11. HP: 54/62 MP: 13/13
  9565 | D:9      | Reached skill level 5 in Armour
  9585 | D:9      | Reached skill level 5 in Fighting
 10165 | D:10     | Entered Level 10 of the Dungeon
 10197 | D:10     | Reached **** piety under Qazlal
 10434 | D:10     | Noticed a centaur warrior
 10453 | D:10     | Killed a centaur warrior
 11144 | D:11     | Reached skill level 5 in Invocations
 11171 | D:11     | Found a portal to a secret trove of treasure.
 11396 | D:11     | Reached ***** piety under Qazlal
 11426 | D:11     | Found Fyatuzuo's Antique Armour Shop.
 11704 | D:11     | Found a staircase to the Orcish Mines.
 11760 | D:11     | Found a staircase to the Lair.
 12011 | Lair:1   | Entered Level 1 of the Lair of Beasts
 12045 | Lair:1   | Reached XP level 12. HP: 71/71 MP: 16/16
 12073 | Lair:1   | You fall into a shaft and drop 1 floor!
 12073 | Lair:2   | Found a staircase to the Swamp.
 12371 | Lair:1   | Found a dark tunnel.
 12411 | Volcano  | Entered a volcano
 12521 | Volcano  | Noticed a two-headed ogre
 12523 | Volcano  | Killed a two-headed ogre
 12524 | Volcano  | Reached skill level 10 in Shields
 12908 | Lair:1   | Noticed a boulder beetle
 12922 | Lair:1   | Killed a boulder beetle
 13380 | Lair:2   | Noticed an eight-headed hydra
 13386 | Lair:2   | Killed an eight-headed hydra
 13407 | Lair:2   | Noticed Harold
 13417 | Lair:2   | Killed Harold
 13594 | Lair:2   | Noticed a five-headed hydra
 13599 | Lair:2   | Killed a five-headed hydra
 14342 | Lair:2   | Found a hole to the Spider Nest.
 14665 | Lair:3   | Reached XP level 13. HP: 80/80 MP: 18/18
 15703 | Lair:4   | Reached skill level 10 in Fighting
 15718 | Lair:4   | Reached skill level 15 in Maces & Flails
 17795 | Lair:6   | Entered Level 6 of the Lair of Beasts
 17820 | Lair:6   | Gained mutation: Your large and strong wings let you fly
                  | indefinitely. [Gargoyle growth]
 17820 | Lair:6   | Reached XP level 14. HP: 80/91 MP: 19/19
 17896 | Lair:6   | Reached skill level 16 in Maces & Flails
 17931 | Lair:6   | Reached ****** piety under Qazlal
 18563 | Lair:6   | Found a runed translucent door.
 18563 | Lair:6   | Found a viscous altar of Jiyva.
 18564 | Lair:6   | Found a staircase to the Slime Pits.
 19081 | Lair:6   | Reached XP level 15. HP: 99/99 MP: 20/20
 19263 | Orc:1    | Entered Level 1 of the Orcish Mines
 19327 | Orc:1    | Noticed Urug
 19336 | Orc:1    | Killed Urug
 19607 | Orc:2    | Entered Level 2 of the Orcish Mines
 19607 | Orc:2    | Noticed Josephine
 19613 | Orc:2    | Noticed an orc warlord
 19615 | Orc:2    | Noticed Sonja
 19621 | Orc:1    | Killed Josephine
 19961 | Orc:1    | Reached skill level 17 in Maces & Flails
 20224 | Orc:1    | Killed an orc warlord
 20274 | Orc:1    | Reached XP level 16. HP: 50/106 MP: 21/21
 20863 | Orc:2    | Killed Sonja
 21113 | Orc:2    | Found Siyg's Armour Shop.
 21121 | Orc:2    | Found Figoit's Magic Scroll Emporium.
 21212 | Orc:2    | Bought the +2 pair of gloves of Vonuseg {+Fly rCorr Int-2
                  | Dex+2} for 350 gold pieces
 21228 | Orc:2    | Found Jedduyn's Assorted Antiques.
 21229 | Orc:2    | Found Iguckic's Antique Weapon Shop.
 21250 | Orc:2    | Found a runed translucent door.
 21346 | Orc:2    | Found the +10 tower shield of Ignorance {rN+ Int-4}
 21408 | Orc:2    | Bought a scroll of magic mapping for 49 gold pieces
 21408 | Orc:2    | Bought a scroll of identify for 28 gold pieces
 21408 | Orc:2    | Bought a scroll of identify for 28 gold pieces
 21408 | Orc:2    | Bought a scroll of identify for 28 gold pieces
 21579 | Orc:2    | Found a staircase to the Elven Halls.
 21700 | Orc:2    | Found a runed translucent door.
 21931 | Orc:2    | Slain by an ettin

Illustrated notes

Levels and vault maps discovered:
D:1:      saegor_arrival_miasma, layout_rooms, skrybe_limestone_x,
          minmay_misc_feat_alley
D:2:      layout_loops_corners, fedhas_ov_isle_minmay
D:3:      layout_rooms, lemuel_round_altar, grunt_gozag_breadcrumbs,
          kennysheep_generic_room_5
D:4:      layout_loops_ring, minmay_temple_entry_proselytizer
D:5:      layout_gridville, nemelex_xobeh_ov_fountains_minmay,
          nicolae_ru_awakened_eye, pdpol_wu_jian_five_deadly_venoms,
          gup_sewer_entry_spiral
D:6:      layout_rooms, kennysheep_mini, grunt_temple_overflow_open,
          serial_aquarium, aquarium_bridge_straight [aquarium_subvault_bridge,
          aquarium_subvault_wall, aquarium_subvault_bridge,
          aquarium_subvault_wall], aquarium_bridge_square
          [aquarium_subvault_bridge, aquarium_subvault_window,
          aquarium_subvault_wall, aquarium_subvault_wall], aquarium_window_2,
          aquarium_window_1, aquarium_window_2, aquarium_window_1,
          aquarium_view_2b, aquarium_view_2e, aquarium_balcony_3a,
          aquarium_pool_S, cheibriados_altar_1
D:7:      layout_cave_pools, general_overflow_altar, dancing_weapons_uskayaw,
          enter_bailey_4, uniq_duvessa, uniq_pikel
D:8:      cheibrodos_frozen_isle, layout_layer_cave,
          lemuel_zombie_altar_kikubaaqudgha, nicolae_qazlal_general_emergency,
          uniq_erica, uniq_psyche
D:9:      layout_irregular_city
D:10:     layout_long_grid, special_room [special_room_bee], item_on_display_a
D:11:     layout_grid_maze, david_lair_generic, orc_0_dummy, enter_trove_0,
          serial_shops, nicolae_shop_waterfront, grunt_decor_one_mirror,
          eino_small_chamber_without_monster, chequers_serial_rivers_micro_e,
          grunt_tough_drop
Temple:   nicolae_temple_figure_zero
Lair:1:   layout_chaotic_city, nicolae_volcano_entry_two_sided,
          nzn_sisyphean_effort, infiniplex_staircase_pool
Lair:2:   layout_loops_ring, skrybe_swamp_entry_bodies,
          spider_nest_entry_funnel_web, grunt_forest_large_clearing_hut,
          uniq_harold
Lair:3:   layout_chaotic_city
Lair:4:   layout_cave_pods, wad_woods_01, serial_bayou_shore_a,
          infiniplex_staircase_pool_2, serial_bayou_shore_b
Lair:5:   layout_long_grid, serial_bayou_shore_b, grunt_megastairs_2
Lair:6:   hangedman_lair_tendril_chambers, layout_concentric_octagons,
          guppyfry_lair_end_dragon, slime_altar_2
Orc:1:    layout_caves, trog_book, uniq_urug
Orc:2:    st_orc_open, layout_caves, chequers_guarded_unrand_ignorance,
          uniq_josephine, uniq_sonja

Skill      XL: |  1  2  3  4  5  6  7  8  9 10 11 12 13 14 15 16 |
---------------+-------------------------------------------------+-----
Maces & Flails | 3 4 5 6 7 9 11 13 14 15 16 17 | 17.1
Shields        | 6 9 11 12 13 | 13.1
Invocations    | 3 5 7 |  7.0
Fighting       | 4 6 8 11 13 14 | 14.5
Armour         | 4 6 8 9 |  9.9

Action                   |  1- 3 |  4- 6 |  7- 9 | 10-12 | 13-15 | 16-18 || total
-------------------------+-------+-------+-------+-------+-------+-------++-------
Melee: Flail             |   119 |   221 |   303 |   626 |       |       ||  1269
       Eveningstar       |       |       |       |    85 |   530 |   125 ||   740
Throw: Javelin           |       |       |       |     2 |     2 |       ||     4
Invok: Elemental Force   |       |       |       |     2 |       |       ||     2
 Abil: Stop Flying       |       |       |       |     1 |       |       ||     1
  Use: Scroll            |       |     9 |     1 |    15 |     7 |     1 ||    33
       Potion            |       |       |     1 |     1 |     1 |     3 ||     6
Armor: Scale mail        |    62 |       |       |       |       |       ||    62
       Plate armour      |       |   195 |   236 |   341 |   258 |   104 ||  1134
Dodge: Dodged            |    42 |    34 |    43 |   119 |   115 |    32 ||   385
       Repelled          |       |       |       |     1 |     2 |       ||     3
Block: Kite shield       |    57 |   152 |   171 |   537 |   519 |       ||  1436
       Tower shield      |       |       |       |       |    50 |   165 ||   215
